 Dungeon Crawl Stone Soup version 0.21-a0-498-g1b60429 (webtiles) character file.

461 Gwenloh the Ducker (level 6, -6/29 HPs)
             Began as a Felid Transmuter on Nov 24, 2017.
             Was an Initiate of Wu Jian.
             Mangled by a killer bee (8 damage)
             ... on level 8 of the Dungeon.
             The game lasted 00:40:08 (8550 turns).

Gwenloh the Ducker (Felid Transmuter)               Turns: 8550, Time: 00:40:09

Health: -6/29      AC:  2    Str:  8    XL:     6   Next: 79%
Magic:  14/14      EV: 22    Int: 15    God:    Wu Jian [......]
Gold:   300        SH:  0    Dex: 16    Spells: 8/14 levels left
                                        Lives:  0   Deaths: 2

rFire    . . .     SeeInvis +     - Unarmed
rCold    . . .     Gourm    .   (shield unavailable)
rNeg     . . .     Faith    .   (armour unavailable)
rPois    .         Spirit   .   (helmet unavailable)
rElec    .         Reflect  .   (cloak unavailable)
rCorr    .         Harm     .   (gloves unavailable)
MR       .....                  (boots unavailable)
Stlth    ++........             (no amulet)
HPRegen  0.09/turn              i - ring of wizardry
MPRegen  0.14/turn              (no ring)

@: lethally poisoned (-6 -> -18), quick
A: very small, no armour, no weapons or thrown items, stealth, claws 1, fangs 3,
see invisible, carnivore 3, speed 1, shaggy fur 2, slow metabolism 1, sharp paws
a: Renounce Religion


You were on level 8 of the Dungeon.
You worshipped Wu Jian.
Wu Jian was noncommittal.
You were not hungry.

You visited 2 branches of the dungeon, and saw 9 of its levels.

You collected 300 gold pieces.

Inventory:

Missiles
 a - 58 arrows
Jewellery
 i - a ring of wizardry (left paw)
Wands
 k - a wand of enslavement (13)
Scrolls
 d - 2 scrolls of amnesia
 l - 2 scrolls of fear {unknown}
 n - 2 scrolls of teleportation {unknown}
 o - a scroll of random uselessness {unknown}
 p - a scroll of remove curse {unknown}
 q - 2 scrolls of enchant weapon {unknown}
 r - 3 scrolls of identify
 s - 3 scrolls of magic mapping {unknown}
 u - a scroll of noise {unknown}
Potions
 e - a potion of magic
 f - a potion of curing {unknown}
 g - 2 potions of brilliance
 h - a potion of cancellation
 j - a potion of heal wounds {unknown}
 m - 2 potions of degeneration
 v - a potion of flight {unknown}
Books
 b - a book of Changes

   Spells                             Type                      Level
   a - Beastly Appendage              Transmutation                1
   b - Sticks to Snakes               Transmutation                2
   c - Spider Form                    Transmutation/Poison         3
   d - Ice Form                       Ice/Transmutation            4
   e - Blade Hands                    Transmutation                5
Comestibles
 c - 3 meat rations
 t - a royal jelly


   Skills:
 + Level 4.7 Fighting
 + Level 6.6 Dodging
 + Level 5.5 Unarmed Combat
 + Level 4.7 Spellcasting
 + Level 5.5 Transmutations


You had 8 spell levels left.
You knew the following spells:

 Your Spells              Type           Power        Failure   Level  Hunger
a - Beastly Appendage     Tmut           ###...       1%          1    None
b - Sticks to Snakes      Tmut           ###.....     1%          2    ##.....
c - Spider Form           Tmut/Pois      ##........   6%          3    ###....


Dungeon Overview and Level Annotations

Branches:
Dungeon (7/15)             Temple (1/1) D:5

Altars:
Ashenzari
Cheibriados
Elyvilon
Fedhas
Hepliaklqana
Kikubaaqudgha
Makhleb
Okawaru
Qazlal
Sif Muna
Trog
Uskayaw
Vehumet
Wu Jian
Xom
Yredelemnul
Zin

Shops:
D:5 %


Innate Abilities, Weirdness & Mutations

You cannot wear armour.
You are incapable of wielding weapons or throwing items.
Your paws allow you to move quietly. (Stealth)
You have sharp claws.
You have razor-sharp teeth.
You have supernaturally acute eyesight. (SInv)
You are carnivorous and can eat meat at any time.
You cover ground quickly.
You are covered in thick fur. (AC +2)
You have a slow metabolism.
Your sharp claws are effective at attacking unaware monsters.


Message History

You feel sick. The killer bee barely misses you. x2
The killer bee closely misses you. The killer bee barely misses you.
The hippogriff completely misses you. The hippogriff pecks you.
The hippogriff misses you.
You feel sick. The killer bee stings you.
* * * LOW HITPOINT WARNING * * *
You are more poisoned.
The killer bee poisons you! The killer bee completely misses you.
The killer bee misses you. x2; The hippogriff closely misses you.
The hippogriff completely misses you. x2
* * * LOW HITPOINT WARNING * * *
You feel sick. The killer bee closely misses you. x2
The killer bee stings you.
* * * LOW HITPOINT WARNING * * *
The killer bee stings you.
* * * LOW HITPOINT WARNING * * *
The hippogriff misses you. x2; The hippogriff closely misses you.
* * * LOW HITPOINT WARNING * * *
You feel sick. The killer bee stings you!
You die...

......### ..#
#.y.K######
#......## ..#
###KKZ....###
#.....###.#
##y####...#
#......##.# ###y#
#....##.#
###.....#.# ###K†S#
#.......# ##......#
#KZ.#####...#####
######.#
#K####......#
###.###y##...##...#
#.....y@...##.....#
.......##.H####
.#...#
######........
.#...#
#####....########
..#...# .####..# ##
###


You could see a hippogriff, 2 killer bees, a worker ant zombie and 2 kobolds.

Vanquished Creatures
  A black bear (D:8)
  An orc warrior (D:6)
  3 phantoms
  An ogre (D:4)
  A centaur (D:5)
  A big kobold (D:8)
  A scorpion (D:5)
  2 killer bees (D:8)
  3 crimson imps
  A centaur zombie (D:5)
  A hound (D:6)
  A bullfrog skeleton (D:4)
  2 orc priests (D:6)
  5 orc wizards
  4 worker ants
  2 hound skeletons (D:6)
  3 adders
  A shadow imp (D:5)
  An adder skeleton (D:6)
  3 worms
  A dart slug (D:2)
  A leopard gecko (D:5)
  5 orcs
  8 bats
  5 giant cockroaches
  4 goblins
  6 hobgoblins
  15 jackals
  A ball python skeleton (D:4)
  4 frilled lizards
  A giant cockroach zombie (D:6)
  9 kobolds
  A leopard gecko skeleton (D:5)
  5 rats
104 creatures vanquished.

Vanquished Creatures (collateral kills)
  An ogre (D:5)
  An adder (D:4)
  An orc (D:6)
3 creatures vanquished.

Vanquished Creatures (others)
  A human (D:3)
1 creature vanquished.

Grand Total: 108 creatures vanquished

Notes
Turn   | Place    | Note
-------+----------+-------------------------------------------
     0 | D:1      | Gwenloh the Felid Transmuter began the quest for the Orb.
     0 | D:1      | Reached XP level 1. HP: 9/9 MP: 4/4
   445 | D:1      | Reached XP level 2. HP: 12/12 MP: 4/6
   449 | D:1      | Learned a level 2 spell: Sticks to Snakes
   471 | D:1      | Reached skill level 3 in Dodging
  1736 | D:2      | Reached XP level 3. HP: 15/15 MP: 5/7
  1761 | D:2      | Found a snail-covered altar of Cheibriados.
  2330 | D:3      | Found an ancient bone altar of Kikubaaqudgha.
  2352 | D:3      | Noticed a human
  2353 | D:3      | Killed a human
  3341 | D:4      | Noticed an ogre
  3482 | D:4      | Killed an ogre
  3482 | D:4      | Reached XP level 4. HP: 19/19 MP: 4/9
  3482 | D:4      | Reached XP level 5. HP: 22/22 MP: 4/10
  3567 | D:4      | Found a shattered altar of Ashenzari.
  3574 | D:4      | Reached skill level 4 in Dodging
  3679 | D:4      | Noticed a phantom
  3701 | D:4      | Killed a phantom
  3873 | D:4      | Found a stormy altar of Qazlal.
  3873 | D:4      | Noticed a water elemental
  3874 | D:4      | Noticed a fire elemental
  3874 | D:4      | Noticed an air elemental
  3907 | D:4      | Gained mutation: You are covered in thick fur. (AC +2) [Felid growth]
  3907 | D:4      | Reached XP level 6. HP: 16/27 MP: 11/11
  4618 | D:4      | Found a basalt altar of Yredelemnul.
  4618 | D:4      | Found an iron altar of Okawaru.
  4968 | D:4      | Found a radiant altar of Vehumet.
  5469 | D:5      | Entered Level 5 of the Dungeon
  5612 | D:5      | Found Kukkarirr's Food Shop.
  5879 | D:5      | Reached skill level 5 in Dodging
  5879 | D:5      | Reached XP level 7. HP: 21/31 MP: 13/13
  6034 | D:5      | Found a hazy altar of Hepliaklqana.
  6724 | D:5      | Found a staircase to the Ecumenical Temple.
  6729 | D:5      | Learned a level 3 spell: Spider Form
  7706 | D:6      | Reached skill level 5 in Unarmed Combat
  7749 | D:6      | Reached skill level 5 in Transmutations
  7749 | D:6      | Reached XP level 8. HP: 36/36 MP: 8/15
  7787 | D:6      | Reached skill level 6 in Dodging
  8085 | Temple   | Entered the Ecumenical Temple
  8201 | Temple   | Became a worshipper of the Wu Jian Council
  8411 | D:6      | Killed from afar by an orc wizard
  8412 | D:6      | Reached XP level 7. HP: -5/33 MP: 14/14
  8460 | D:6      | You fall through a shaft for 2 floors!
  8525 | D:8      | HP: 1/33 [black bear (7)]
  8528 | D:8      | Succumbed to a killer bee's poison
  8529 | D:8      | Reached XP level 6. HP: 0/29 MP: 9/14
  8539 | D:8      | Noticed a hippogriff
  8550 | D:8      | Mangled by a killer bee

Vault maps used:
D:1:      dpeg_arrival_lava_temple_mockup
D:2:      nicolae_overflow_crystal_walls, serial_co_window_serial,
          co_window_paths_a, co_window_paths_a, co_window_paths_a,
          co_window_corner_a, co_window_paths_a, co_window_paths_b,
          co_window_paths_b, co_window_corner_cb, co_window_broadway_b,
          co_window_broadway_b, glass_columns_a, first_bread
D:3:      tgw_kikubaaqudgha
D:4:      vehumet_crystals, chequers_temple_overflow_statue_of_worship,
          nicolae_qazlal_style_of_elements, ashenzari_altar_1
D:5:      kennysheep_little_box, minmay_temple_entry_from_below_b, serial_shops,
          nicolae_shop_behind_doors
D:6:      basic_altar
D:7:      grunt_dithmenos_shadows, lemuel_crystal_altar, hangedman_decor_lopped,
          grunt_livestock
D:8:      grunt_gozag_statues, nicolae_tso_carved_into_rock, xom_shifter_show
Temple:   kb_temple_of_zot

Skill      XL: |  1  2  3  4  5  6  7  8 |
---------------+-------------------------+-----
Dodging        | 3 4 5 6 |  6.6
Fighting       | 2 3 4 |  4.7
Transmutations | 3 4 5 |  5.5
Unarmed Combat | 4 5 |  5.5
Spellcasting   | 3 4 |  4.7

Action                   |  1- 3 |  4- 6 |  7- 9 || total
-------------------------+-------+-------+-------++-------
Melee: Unarmed           |   133 |   159 |   191 ||   483
       Headbutt          |    18 |    26 |     8 ||    52
       Bite              |     7 |    13 |     7 ||    27
       Punch             |       |     5 |     3 ||     8
 Cast: Beastly Appendage |    26 |    15 |    11 ||    52
       Sticks to Snakes  |     2 |    17 |    17 ||    36
       Spider Form       |       |       |    10 ||    10
Evoke: Wand              |     2 |       |       ||     2
  Use: Scroll            |       |     5 |       ||     5
 Stab: Sleeping          |    10 |     2 |       ||    12
       Distracted        |     1 |     1 |       ||     2
  Eat: Chunk             |    11 |     7 |     6 ||    24
Armor: Skin              |     2 |     6 |    15 ||    23
Dodge: Dodged            |   100 |   146 |   191 ||   437

Table legend:
 A = Spawn XP
 B = Non-spawn XP
 C = Spawn XP percentage of total XP
 D = Spawn monster count
 E = Non-spawn monster count
 F = Spawn count percentage of total count
 G = Total turns spent on level
                    A         B        C        D         E        F      G
               +---------+---------+-------+---------+---------+-------+---------
         Total |       0 |    2078 |   0.0 |       0 |     107 |   0.0 |  8550
               +---------+---------+-------+---------+---------+-------+---------
           D:1 |       0 |      30 |   0.0 |       0 |      18 |   0.0 |  1283
           D:2 |       0 |      28 |   0.0 |       0 |      17 |   0.0 |  1047
           D:3 |       0 |      37 |   0.0 |       0 |      13 |   0.0 |  1302
           D:4 |       0 |     500 |   0.0 |       0 |      14 |   0.0 |  2198
           D:5 |       0 |     605 |   0.0 |       0 |      18 |   0.0 |  1889
           D:6 |       0 |     503 |   0.0 |       0 |      19 |   0.0 |   397
           D:8 |       0 |     375 |   0.0 |       0 |       8 |   0.0 |    90
               +---------+---------+-------+---------+---------+-------+---------
